← All builds
Tech / Armada / Economy first / OBSERVED BUILD

Sharpshooter snipers

Armada Tech (Eco) build order · Supreme Isthmus

Standard T2 rush into an early Sharpshooter-led sniper bot push around 8:10-8:38, pairing T2 constructor support for Geo with sniper bots fighting at the middle rather than just economy scaling.

Usually first T2 con to Geo (81%)

#t2 #raid · 98 distinct matches · 50 players · 3% of Armada Tech games · team won 26% of 99 · Recently observed

THE CATCH, AND WHAT COMES WITH IT
  • SharpshooterT2 bot snipers from 8:10 · 6% of role by thenFrom the Advanced Bot Lab. Only 6% of Tech games have it by then; others who build it get it around 9:04

Where those units first fight, in 97 games with kill data: in the middle 55%, on their own side 45%.

Those units destroy a typical 1,385 metal of enemy units by 15:00.

Then transitions into anti-nuke (13% of army).

HOW TO PLAY IT

Key timing: Sharpshooter out by 9:04

  1. Open standard T2 rush with Bot Lab first.
  2. Finish Advanced Bot Lab on the normal T2 timing.
  3. Upgrade mex as usual while eco scales.
  4. Push Sharpshooter snipers from Advanced Bot Lab to fight forward in middle.
  5. Keep producing T2 cons and anti-nuke for the team.

Phase by phase

TYPICAL OF ITS 98 GAMES · AGAINST STANDARD TECH
  1. 1
  2. 2
  3. 3
  4. 4
  5. 5
PLAY THE OPENING

Follow the example game's first 9:10 step by step: what to build now, what comes next, and where it goes. At 1× it keeps pace with your own game.

  1. 1

    Up to the Bot Lab

    Economy
    • Metal Extractor3Mex
    • Wind Turbine4Wind
    Order
    1. Bot LabBot Lab after 3 mex, 4 winddone ~1:17, middle half 1:13–1:38

    Some games also: energy storage (37%)

    By 1:00 in all: 3 mex · 4 wind

    The example game in this phase · 3 steps
    1. Mex ×3
    2. Wind ×4
    3. Bot LabBot Labdone 1:12 · typical 1:17
  2. 2

    Bot Lab to Advanced Bot Lab

    Economy
    • Metal Extractor1Mex
    • Wind Turbine9Wind
    • Energy Storage1Energy storage
    Order
    1. Advanced Bot LabAdvanced Bot Lab after 4 mex, 13 wind, 3 con turretdone ~4:18, middle half 4:08–4:33
    Builders
    • Construction Turret3 Con turret
    • Lazarus3 Lazarus
    • Construction Bot2 Con bot
    • Construction Bot1 Con bot for allies

    Some games also: converter (42%)

    By 3:22 in all: 4 mex · 13 wind · 1 energy storage · 3 con turret

    The example game in this phase · 23 steps
    1. Wind
    2. Construction BotCon bot
    3. Wind ×4
    4. Construction BotCon botfor Air
    5. Wind ×2
    6. Construction BotCon bot
    7. Wind
    8. Mex
    9. Wind ×3
    10. Construction BotCon bot
    11. Wind
    12. Construction BotCon bot
    13. Wind
    14. Construction BotCon bot
    15. LazarusLazarus
    16. Wind
    17. Construction BotCon bot
    18. Wind
    19. Construction BotCon bot ×2
    20. Bot LabEat Bot Labreclaimed for its metal
    21. Energy storage
    22. Wind
    23. Advanced Bot LabAdvanced Bot Labdone 4:22 · typical 4:18
  3. 3

    Advanced Bot Lab to 5:00

    Economy
    • Wind Turbine1Wind−2 vs standard
    Order
    1. Bot LabEat Bot Lab
    Builders
    • Advanced Construction Bot1 T2 con bot for allies

    Some games also: converter (43%)

    By 5:00 in all: 4 mex · 15 wind · 2 converter · 1 energy storage · 3 con turret

    The example game in this phase · 3 steps
    1. Converter ×2
    2. Advanced Construction BotT2 con bot ×2for Pond
    3. Advanced Metal ExtractorT2 mexdone 5:05 · typical 5:17
  4. 4

    5:00 to T2 bot snipers

    Economy
    • Wind Turbine16Wind+5 vs standard
    • Energy Converter1Converter
    Order
    1. SharpshooterT2 bot snipers after 4 mex, 31 wind, 5 converterdone ~8:38, middle half 7:40–9:45
    Builders
    • Butler4 Butler
    • Advanced Construction Bot3 T2 con bot for allies

    Some games also: T2 con bot (35%)

    By 8:10 in all: 4 mex · 31 wind · 5 converter (standard 3) · 1 energy storage · 3 con turret

    The example game in this phase · 22 steps
    1. Advanced Construction BotT2 con botfor Geo sea
    2. Advanced Metal ExtractorT2 mex ×2
    3. Advanced Construction BotT2 con botfor Beach sea
    4. Converter ×2
    5. SharpshooterSniper botfor Ponddone 7:01 · typical 8:38
    6. Wind ×4
    7. Advanced Construction BotT2 con bot
    8. Wind ×6
    9. Advanced Construction BotT2 con bot
    10. Wind
    11. ButlerButler
    12. Wind ×3
    13. ButlerButler
    14. Wind
    15. Advanced Metal ExtractorT2 mex
    16. SharpshooterSniper botfor Pond
    17. Wind ×9
    18. ButlerButler
    19. Wind
    20. ButlerButler
    21. Converter
    22. SharpshooterSniper botdone 8:58
  5. 5

    T2 bot snipers to 10:00

    Economy
    • Wind Turbine19Wind−11 vs standard
    Army
    • Sharpshooter1 Sniper bot

    Some games also: converter (47%) · Butler (45%) · T2 con bot for allies (42%)

    The standard build makes here, this one skips: 4 converter · 5 Butler

    By 10:00 in all: 4 mex · 54 wind · 7 converter · 1 energy storage · 3 con turret

    The example game in this phase · 139 steps
    1. Wind ×2
    2. Con turret
    3. Wind
    4. Fusion ReactorFusiondone 12:00
    5. Wind ×2
    6. ButlerButler
    7. Wind ×2
    8. SmugglerJammer bot
    9. Wind
    10. CompassRadar bot
    11. Wind ×2
    12. Con turret
    13. Wind ×2
    14. SmugglerJammer bot
    15. ButlerButler
    16. Wind ×2
    17. SharpshooterSniper bot
    18. Con turret
    19. Wind ×4
    20. Metal storage
    21. Converter
    22. Wind ×3
    23. Converter
    24. Wind
    25. Converter ×2
    26. Wind ×4
    27. Converter ×2
    28. JunoJuno
    29. Wind ×2
    30. Converter
    31. Wind ×2
    32. UmbrellaAnti-nukenot finished by 15:00
    33. Converter
    34. Wind ×2
    35. SharpshooterSniper bot
    36. Wind
    37. Converter
    38. Wind ×2
    39. Converter
    40. Wind
    41. Converter
    42. Wind ×3
    43. Converter
    44. Wind
    45. Converter
    46. Wind ×3
    47. Converter ×2
    48. Wind ×5
    49. Converter
    50. Wind
    51. Converter
    52. Wind
    53. SharpshooterSniper bot
    54. Converter
    55. Wind ×4
    56. Converter ×2
    57. Wind ×2
    58. Converter ×2
    59. Wind ×2
    60. Converter
    61. UmbrellaAnti-nuke
    62. Wind
    63. Converter
    64. Wind ×2
    65. Converter ×2
    66. Wind
    67. Converter
    68. Wind
    69. Converter
    70. Wind
    71. Converter
    72. JunoJuno
    73. Wind ×2
    74. Converter ×3
    75. Wind
    76. Converter
    77. Wind ×2
    78. Converter
    79. Wind
    80. Converter ×2
    81. Wind ×2
    82. Converter
    83. Wind
    84. Fusion ReactorFusion
    85. Converter
    86. Wind ×3
    87. Converter
    88. Wind
    89. Converter
    90. Wind ×2
    91. Converter
    92. Wind
    93. Converter
    94. Wind ×2
    95. Con turret
    96. Wind
    97. Converter
    98. Advanced Bot LabEat Advanced Bot Labreclaimed for its metal
    99. Wind ×2
    100. Converter
    101. Con turret
    102. Wind
    103. Con turret
    104. Wind
    105. Converter
    106. Wind
    107. Converter
    108. Wind
    109. Con turret
    110. Wind
    111. Con turret
    112. Wind
    113. Converter ×2
    114. Wind
    115. Con turret ×3
    116. Wind ×2
    117. Converter
    118. Wind
    119. Converter
    120. Wind
    121. Con turret ×2
    122. Wind
    123. Converter
    124. Wind ×2
    125. Converter
    126. Wind ×3
    127. Converter
    128. Wind
    129. Fusion ReactorFusion
    130. Wind
    131. Converter
    132. Con turret
    133. Wind
    134. CitadelAnti-nukenot finished by 15:00
    135. Wind
    136. Converter
    137. Wind
    138. Converter
    139. Wind ×2

Counts are medians over the build's games: half of them build more, half fewer. The example game is RockFish's (35 OS, 09/10/2026); pick another.

Team trades

IN AT LEAST 30% OF ITS GAMES

You hand over

  • Construction Bot1 Con bot to Airfirst at 2:24 · in 89% of games
  • Advanced Construction Bot5 T2 con bot to Geo sea or Air or Pondfirst at 4:59 · in 100% of games
  • Butler2 Butler to Geo sea or Beach seafirst at 10:30 · in 36% of games

You get

  • Hercules2 Light transport from Airfirst at 4:05 · in 88% of games

How it plays out

Typical game of this build against the role’s standard build, running totals by minute

  • This build
  • Standard tech

Metal produced

020k40k
0:005:0010:0015:00

metal

Enemy metal destroyed

01k2k3k
0:005:0010:0015:00

metal

Own metal lost

05001k
0:005:0010:0015:00

metal

99 games.

Show as table
ByMetal produced: This buildMetal produced: Standard techEnemy metal destroyed: This buildEnemy metal destroyed: Standard techOwn metal lost: This buildOwn metal lost: Standard tech
1:003833830000
2:009139150000
3:00160316520000
4:00309831430000
5:00486948480000
6:00595358010000
7:00751272300000
8:00930490640000
9:0011440111780000
10:001379313520183000
11:0016225162426500740
12:001895519652101401300
13:002217423430153803210
14:0026192272861801068074
15:0029993315122494108832130
WHAT THE NUMBERS SAY

Won far less often than the standard build, losing a lot more metal for only a modest gain in enemy metal destroyed.

  • + Enemy metal destroyed by 15:00 well above standard (2598 vs 262).
  • − Team win rate collapses to 21% vs standard's 53%.
  • − Own metal lost by 15:00 far exceeds standard (1360 vs 196).
THE EXAMPLE YOU ARE READING

RockFish

34.8 OS · 09/10/2026

Open source match ↗

3 received units
3531 metal received · 73270 energy received

Allied construction assistance is unknown. Timings are observations, not a promise of solo reproducibility.

Typical milestones

Bot Lab1:17Middle 50%: 1:13–1:38 · n=99
Advanced Bot Lab4:18Middle 50%: 4:08–4:33 · n=99
Advanced Metal Extractor5:17Middle 50%: 4:57–5:42 · n=99
Sharpshooter8:38Middle 50%: 7:40–9:45 · n=99

Played most by

Amrissa15games of this buildDRM6games of this buildTheGeneraI5games of this buildenderOS14games of this buildKontraption4games of this build